Map: Orbital Shipyard

Players

Ceron - Winner!

  • Race: Protoss Protoss
  • League: Master

LifeMatchfix

  • Race: Zerg Zerg
  • League: Master

VOD

Have the link to the VOD?

Description

Time

  • Played on: March 18, 2016, 5:29 a.m.
  • Length: 7:23
Show
View Real Time Build Order
Export as new Build Order

Ceron Protoss - Winner!

Build Orders: Nexus First, Phoenix Opening 

Get SALT Encoding   

  12  0:01  Probe (Chrono Boost)  
  13  0:12  Probe (Chrono Boost)  
  14  0:22  Probe (Chrono Boost), Pylon  
  15  0:40  Probe (Chrono Boost)  
  16  0:50  Probe (Chrono Boost)  
  17  1:02  Nexus  
  17  1:03  Probe (Chrono Boost)  
  18  1:15  Probe (Chrono Boost)  
  19  1:24  Gateway  
  19  1:28  Probe (Chrono Boost), Assimilator  
  20  1:34  Assimilator  
  20  1:38  Probe (Chrono Boost)  
  21  1:49  Probe (Chrono Boost)  
  21  1:53  Gateway  
  22  2:00  Probe (Chrono Boost)  
  23  2:14  Probe (Chrono Boost), Cybernetics Core  
  23  2:15  Probe (Chrono Boost)  
  25  2:24  Probe (Chrono Boost)  
  25  2:26  Probe (Chrono Boost)  
  25  2:28  Pylon  
  27  2:35  Probe (Chrono Boost)  
  28  2:38  Pylon  
  28  2:43  Probe (Chrono Boost)  
  29  2:45  Probe (Chrono Boost)  
  29  2:51  Stalker  
  32  2:52  Adept  
  32  2:54  Probe (Chrono Boost)  
  32  2:56  Probe (Chrono Boost)  
  32  2:57  Warp Gate  
  36  3:05  Stargate  
  36  3:07  Probe (Chrono Boost)  
  36  3:09  Probe (Chrono Boost)  
  38  3:18  Probe (Chrono Boost)  
  40  3:20  Probe (Chrono Boost)  
  40  3:26  Assimilator  
  40  3:28  Probe (Chrono Boost)  
  40  3:30  Probe (Chrono Boost)  
  40  3:31  Assimilator  
  42  3:39  Probe (Chrono Boost)  
  42  3:41  Probe (Chrono Boost), Pylon  
  44  3:48  Gateway  
  44  3:49  Gateway, Phoenix  
  46  4:04  Probe (Chrono Boost), Mothership Core (Chrono Boost)  
  49  4:14  Probe (Chrono Boost)  
  48  4:17  Phoenix (Chrono Boost)  
  48  4:21  Adept x2  
  54  4:32  Pylon  
  54  4:34  Pylon  
  54  4:48  Probe  
  54  4:50  Probe, Phoenix (Chrono Boost)  
  54  4:51  Protoss Air Weapons Level 1  
  58  5:02  Probe  
  58  5:04  Adept x4  
  67  5:12  Phoenix (Chrono Boost)  
  69  5:25  Nexus  
  69  5:27  Pylon  
  69  5:28  Pylon  
  69  5:36  Pylon  
  69  5:41  Twilight Council  
  69  5:43  Gateway  
  69  5:45  Gateway  
  69  5:47  Pylon  
  69  5:54  Adept x2  
  69  5:55  Adept x2  
  69  5:56  Probe  
  77  5:58  Probe  
  79  6:07  Probe  
  79  6:09  Phoenix (Chrono Boost)  
  79  6:10  Probe  
  83  6:17  Probe  
  83  6:22  Probe  
  85  6:28  Probe  
  86  6:34  Probe  
  86  6:35  Adept x3  
  86  6:36  Adept  
  95  6:43  Probe x2  
  95  6:46  Probe  
  96  6:50  Phoenix (Chrono Boost)  
  96  6:53  Probe  
  98  7:01  Adept x4  
Show
View Real Time Build Order
Export as new Build Order

LifeMatchfix Zerg 

Build Orders: Hatch First 

Get SALT Encoding   

  12  0:00  Drone  
  13  0:13  Overlord  
  13  0:18  Drone  
  14  0:31  Drone x2  
  14  0:35  Drone  
  17  0:51  Hatchery  
  17  0:56  Drone  
  17  0:59  Drone  
  18  1:16  Spawning Pool, Extractor  
  16  1:19  Drone  
  16  1:20  Drone  
  18  1:30  Drone  
  19  1:45  Drone  
  20  1:55  Overlord  
  20  2:05  Queen x2  
  20  2:06  Drone x2  
  26  2:15  Overlord  
  26  2:21  Drone, Metabolic Boost  
  27  2:40  Zergling x4  
  27  2:41  Zergling x2  
  31  2:51  Drone x3  
  31  2:53  Queen x2  
  31  2:57  Overlord  
  37  3:08  Drone x2  
  37  3:09  Overlord  
  39  3:21  Hatchery  
  39  3:26  Extractor  
  37  3:28  Drone x2  
  37  3:29  Drone  
  40  3:41  Lair  
  40  3:42  Extractor  
  40  3:44  Roach Warren  
  40  3:45  Drone  
  40  3:47  Drone  
  40  3:49  Drone  
  41  4:07  Zergling x12  
  47  4:16  Overlord  
  47  4:22  Drone x5  
  52  4:26  Overlord  
  51  4:45  Overseer  
  50  4:58  Drone x12  
  57  5:08  Overlord x3  
  57  5:13  Spore Crawler  
  56  5:18  Spore Crawler  
  56  5:19  Spore Crawler  
  54  5:23  Spore Crawler  
  54  5:24  Drone  
  54  5:25  Spore Crawler  
  54  5:28  Drone  
  54  5:39  Drone x5  
  59  5:45  Spore Crawler  
  59  5:49  Drone  
  61  5:50  Drone x2  
  61  5:55  Hydralisk Den  
  61  5:57  Drone  
  61  5:58  Drone x3, Extractor  
  61  5:59  Drone x2  
  64  6:20  Spore Crawler  
  64  6:23  Drone x3  
  62  6:34  Drone x3  
  62  6:35  Drone  
  62  6:36  Drone x3  
  62  6:37  Drone x2  
  71  6:52  Hydralisk x5  
  81  6:56  Extractor  
  81  6:57  Overlord  
  81  6:58  Overlord x5  
  80  7:01  Extractor  
  77  7:10  Spore Crawler  
  77  7:11  Spore Crawler  
Tags
 
Add a new tag
Caveats
  • Supply blocks, unpowered buildings, or Contaminate may cause inaccurate times.
  • Supply counts are checked every 10 seconds.